 Dungeon Crawl Stone Soup version 0.18-a0-1628-g61c6396 (webtiles) character file.

126 dohliylev the Covert (level 4, -11/33 HPs)
             Began as a Vampire Assassin on Mar 25, 2016.
             Killed by divine providence
             ... invoked by an orc priest
              (12 damage)
             ... on level 3 of the Dungeon.
             The game lasted 00:21:29 (2147 turns).

dohliylev the Covert (Vampire Assassin)             Turns: 2147, Time: 00:21:29

Health: -11/33     AC:  0    Str: 10    XL:     4   Next: 83%
Magic:  2/4        EV: 20    Int: 13    God:
Gold:   115        SH:  0    Dex: 21    Spells: 0 memorised, 3 levels left

rFire  . . .     SeeInvis +     (weapon currently unavailable)
rCold  + . .     Gourm    .     (armour currently unavailable)
rNeg   + + .     Faith    .     (shield currently unavailable)
rPois  +         Spirit   .     (helmet currently unavailable)
rElec  .         Dismiss  .     (cloak currently unavailable)
rCorr  .         Reflect  .     (gloves currently unavailable)
SustAt .         Harm     .     (boots currently unavailable)
MR     .....                    (no amulet)
Stlth  +++++.....               (ring currently unavailable)
                                (ring currently unavailable)

@: bat-form, flying, regenerating slowly, very quick, not resistant to hostile
enchantments, quite stealthy
A: fangs 3, see invisible, (unbreathing)
a: End Transformation


You were on level 3 of the Dungeon.
You were very thirsty.
You were in vampire-bat-form.
You visited 1 branch of the dungeon, and saw 3 of its levels.

You collected 115 gold pieces.

Inventory:

Hand Weapons
 a - a +3 dagger (melded)
 b - a +0 blowgun
 w - a +2 hand axe of chopping
Missiles
 e - 21 poisoned needles
 f - 2 curare-tipped needles
 s - 5 poisoned javelins (quivered)
Armour
 c - a +0 robe (melded)
 m - a +1 cloak (melded)
Jewellery
 d - a +2 ring of protection (melded)
 n - an uncursed ring of positive energy
 u - an uncursed ring of wizardry
 v - a +4 ring of strength (melded)
Scrolls
 k - a scroll of enchant armour
 p - a scroll of blinking
 q - 2 scrolls of identify {unknown}
 r - a scroll of recharging {unknown}
Potions
 g - 29 potions of blood
 h - 2 potions of degeneration {unknown}
 i - a potion of lignification {unknown}
 j - 2 potions of curing {unknown}
 l - 2 potions of ambrosia {unknown}
 o - 2 potions of agility {unknown}
 t - a potion of might {unknown}
Books
 x - a book of Frost

   Spells                             Type                      Level
   a - Freeze                         Ice                          1
   b - Throw Frost                    Conjuration/Ice              2
   c - Ozocubu's Armour               Charms/Ice                   3
   d - Throw Icicle                   Conjuration/Ice              4
   e - Summon Ice Beast               Ice/Summoning                4


   Skills:
 + Level 1.7 Fighting
 + Level 2.9 Short Blades
 + Level 1.8 Throwing
 + Level 2.1 Dodging
 + Level 8.4 Stealth


You had 3 spell levels left.
You didn't know any spells.

Dungeon Overview and Level Annotations

Branches:
Dungeon (3/15)

Altars:
Fedhas
Qazlal


Innate Abilities, Weirdness & Mutations

You heal slowly.
You have razor-sharp teeth.
You have supernaturally acute eyesight.
((You can survive without breathing.))


Message History

* * * LOW HITPOINT WARNING * * *
You hit the orc priest but do no damage.
The orc priest is severely wounded.
You hit the orc priest but do no damage.
The orc priest is severely wounded.
The orc priest hits you but does no damage.
You hit the orc priest.
The orc priest is severely wounded.
The orc priest misses you.
Wield which item (- for none, * to show all)? (? for menu, Esc to quit)
Okay, then.
You turn into a vampire bat.
Your +3 dagger melds into your body.
Your +1 cloak melds into your body.
Your +0 robe melds into your body.
Your +2 ring of protection melds into your body.
Your +4 ring of strength melds into your body.
You feel weaker. The orc priest barely misses you.
The orc priest invokes the aid of Beogh against you.
Beogh smites you!
You die...

#### ..# #.#
###.########
#...†)o....#
#.#######b.# #.#
#..# #.# #..# ###
#.# #..# ##.##
########.# #..#
##.#.## .o...o...#
#%.# ##.###.######
##########
#..###.## ##......
#.......###.######
#.######.#.######


You could see an orc priest.

Vanquished Creatures
  A killer bee zombie (D:3)
  3 adders (D:3)
  An ooze (D:1)
  A worm (D:3)
  2 dart slugs
  2 giant geckos
  7 orcs (D:3)
  5 giant cockroaches
  8 goblins
  3 hobgoblins
  7 jackals
  A quokka (D:2)
  A ball python (D:1)
  3 bats
  4 giant newts
  2 kobolds
  7 rats
58 creatures vanquished.

Notes
Turn   | Place    | Note
--------------------------------------------------------------
     0 | D:1      | dohliylev the Vampire Assassin began the quest for the Orb.
     0 | D:1      | Reached XP level 1. HP: 16/16 MP: 1/1
    78 | D:1      | Reached skill level 6 in Stealth
   141 | D:1      | Reached XP level 2. HP: 20/22 MP: 2/2
   918 | D:2      | Reached skill level 7 in Stealth
  1033 | D:2      | Reached XP level 3. HP: 24/27 MP: 3/3
  1132 | D:2      | Found a blossoming altar of Fedhas.
  1163 | D:2      | Found a stormy altar of Qazlal.
  1654 | D:3      | Reached XP level 4. HP: 28/33 MP: 4/4
  1734 | D:3      | Reached skill level 8 in Stealth
  2139 | D:3      | HP: 1/33 [orc priest/nerve-wracking pain (7)]
  2147 | D:3      | Killed from afar by an orc priest

Vault maps used:
D:1:      dpeg_arrival_boxorama
D:2:      grunt_temple_overflow_forces_of_nature

Skill      XL: |  1  2  3  4 |
---------------+-------------+-----
Stealth        | 6 7 8 |  8.4
Dodging        | 2 |  2.1
Fighting       | |  1.7
Short Blades   | |  2.9
Throwing       | |  1.8

Action                   |  1- 3 |  4- 6 || total
-------------------------+-------+-------++-------
Melee: Dagger            |   112 |    63 ||   175
 Fire: Blowgun           |     1 |     9 ||    10
 Abil: Bat Form          |       |     1 ||     1
  Use: Scroll            |     4 |       ||     4
 Stab: Sleeping          |    13 |     4 ||    17
